Map: Kairos Junction LE

Players

IIIIIIIIIII (Lambo) - Winner!

  • Race: Zerg Zerg
  • Spawn Location: 5:00

IlIlIlIlIlIl

  • Race: Zerg Zerg
  • League: Master
  • Spawn Location: 11:00

VOD

Have the link to the VOD?

Description

Time

  • Played on: Dec. 30, 2018, 5:15 p.m.
  • Length: 11:13
Show
View Real Time Build Order
Export as new Build Order

IIIIIIIIIII Zerg - Winner!

Build Orders: Hatch First 

Get SALT Encoding   

  12  0:00  Drone  
  13  0:13  Overlord  
  13  0:17  Drone  
  14  0:31  Drone x2  
  16  0:48  Hatchery  
  15  0:51  Drone  
  15  0:55  Drone  
  17  0:59  Drone  
  18  1:09  Extractor  
  17  1:13  Spawning Pool  
  17  1:18  Drone  
  17  1:21  Drone  
  18  1:30  Drone  
  19  2:00  Zergling x6  
  22  2:03  Queen x2, Zergling x2  
  27  2:12  Zergling x2  
  27  2:23  Drone  
  27  2:47  Drone  
  27  2:50  Overlord  
  27  2:51  Drone  
  28  3:07  Hatchery  
  28  3:10  Drone x5  
  32  3:16  Drone x2  
  34  3:20  Metabolic Boost  
  34  3:25  Drone x2  
  36  3:31  Overlord  
  36  3:48  Overlord  
  36  3:50  Drone x2  
  36  3:51  Drone x2  
  36  3:52  Drone  
  36  3:54  Queen  
  36  3:55  Drone  
  44  4:06  Drone  
  44  4:07  Overlord  
  44  4:08  Drone x4  
  49  4:12  Evolution Chamber  
  49  4:15  Drone x2  
  50  4:17  Drone x2  
  50  4:19  Overlord  
  50  4:23  Drone x2  
  50  4:24  Drone  
  55  4:25  Drone  
  55  4:26  Extractor x2  
  55  4:28  Drone  
  55  4:34  Drone  
  55  4:35  Overlord  
  56  4:40  Drone  
  56  4:42  Roach Warren  
  56  4:44  Drone  
  57  4:47  Drone x4  
  57  4:52  Overlord  
  61  4:56  Drone  
  61  4:57  Drone  
  61  4:58  Drone  
  64  5:06  Overlord  
  64  5:07  Extractor  
  64  5:08  Overlord  
  63  5:22  Roach x6  
  63  5:25  Roach  
  77  5:29  Zergling x12  
  77  5:32  Roach  
  77  5:33  Roach  
  87  5:37  Zergling x6  
  91  5:43  Zergling x2, Roach  
  91  5:49  Roach  
  88  5:52  Zergling x8  
  88  5:56  Zergling x2  
  92  6:00  Roach  
  85  6:05  Roach x2  
  85  6:09  Roach  
  64  6:18  Drone x3  
  67  6:27  Drone x2  
  67  6:28  Zerg Missile Weapons Level 1  
  67  6:30  Drone  
  70  6:34  Drone  
  70  6:35  Queen  
  75  6:40  Drone x2  
  75  6:50  Drone x3  
  75  6:58  Drone x2  
  77  7:03  Drone x4  
  77  7:06  Lair  
  81  7:09  Drone  
  81  7:10  Drone  
  83  7:17  Roach  
  83  7:21  Queen x2  
  89  7:23  Overlord  
  89  7:32  Drone x4  
  89  7:33  Drone x4  
  99  7:37  Roach  
  99  7:39  Overlord  
  99  7:49  Drone x2  
  99  7:50  Drone  
  102  7:54  Drone x2, Extractor  
  102  7:56  Roach x4  
  102  7:57  Pneumatized Carapace  
  111  8:03  Glial Reconstitution, Queen  
  111  8:05  Overseer  
  113  8:10  Roach  
  113  8:11  Evolution Chamber, Roach x2  
  113  8:12  Overlord  
  118  8:17  Roach  
  120  8:24  Zerg Missile Weapons Level 2  
  120  8:27  Spore Crawler  
  120  8:30  Queen, Hydralisk Den  
  120  8:32  Drone  
  120  8:34  Drone, Spore Crawler  
  121  8:40  Queen  
  121  8:46  Drone x3, Spore Crawler  
  115  9:06  Drone  
  112  9:10  Drone  
  112  9:13  Overlord  
  112  9:14  Zerg Ground Armor Level 1  
  113  9:23  Overlord x2  
  111  9:29  Roach x2  
  111  9:30  Overlord  
  113  9:36  Roach x4  
  113  9:37  Ravager  
  120  9:42  Roach x9  
  137  9:49  Overlord, Roach  
  137  9:52  Ravager x2  
  141  9:55  Roach  
  141  9:58  Overlord  
  143  10:02  Roach  
  145  10:09  Roach x4  
  153  10:19  Overlord  
  153  10:21  Roach x4  
  161  10:24  Roach  
  160  10:31  Roach x2  
  152  10:36  Roach x3  
  152  10:38  Roach x2  
  152  10:41  Roach  
  162  10:44  Roach  
  162  10:47  Roach  
  158  10:50  Roach  
  158  10:53  Roach  
Show
View Real Time Build Order
Export as new Build Order

IlIlIlIlIlIl Zerg 

Build Orders: Pool First, Roach Nydus 

Get SALT Encoding   

  12  0:17  Spawning Pool  
  11  0:21  Drone  
  11  0:27  Drone  
  13  0:31  Drone  
  14  0:42  Overlord  
  14  1:04  Zergling x6  
  16  1:05  Queen  
  19  1:15  Zergling x2  
  20  1:26  Zergling x2  
  21  1:39  Zergling x2  
  22  1:40  Hatchery  
  21  1:50  Overlord  
  21  2:01  Drone  
  22  2:09  Drone  
  22  2:15  Drone  
  24  2:19  Drone x2  
  25  2:24  Drone  
  26  2:35  Drone  
  24  2:46  Drone  
  23  2:53  Queen  
  23  2:56  Drone x2  
  27  3:00  Queen  
  27  3:05  Extractor x2  
  27  3:06  Drone x2  
  29  3:14  Drone  
  29  3:19  Drone  
  31  3:24  Drone  
  32  3:27  Drone  
  32  3:30  Drone, Overlord  
  32  3:33  Drone  
  35  3:44  Evolution Chamber  
  35  3:46  Roach Warren  
  33  3:48  Extractor  
  33  3:49  Lair  
  33  3:51  Queen  
  34  3:55  Drone  
  34  3:56  Drone x2  
  34  4:01  Drone  
  34  4:02  Drone  
  39  4:13  Overlord  
  39  4:26  Roach x2  
  39  4:30  Overlord  
  39  4:31  Queen  
  43  4:34  Roach  
  47  4:47  Nydus Network  
  47  4:51  Roach x2  
  52  5:00  Roach  
  52  5:03  Roach  
  52  5:05  Overlord  
  54  5:07  Roach x2  
  58  5:15  Overlord  
  58  5:17  Roach  
  60  5:25  Nydus Canal  
  60  5:26  Roach x2  
  60  5:27  Roach  
  66  5:31  Roach  
  66  5:35  Roach  
  70  5:38  Roach  
  72  5:51  Roach x2  
  76  6:03  Queen, Roach x2  
  74  6:09  Ravager x2  
  68  6:13  Roach x2  
  68  6:14  Roach  
  60  6:21  Zerg Missile Weapons Level 1  
  60  6:24  Glial Reconstitution  
  56  6:30  Drone x2  
  58  6:37  Spire  
  57  6:43  Drone x2  
  60  6:47  Drone  
  60  6:50  Extractor, Drone  
  60  6:52  Drone  
  61  6:55  Drone  
  61  6:58  Drone  
  63  7:03  Drone  
  64  7:09  Drone  
  65  7:18  Hatchery  
  64  7:28  Queen  
  64  7:29  Overlord  
  66  7:39  Overlord  
  66  7:49  Mutalisk  
  66  7:50  Mutalisk x3  
  66  7:51  Mutalisk  
  74  7:55  Overlord  
  76  7:59  Mutalisk  
  76  8:03  Mutalisk  
  80  8:08  Mutalisk  
  80  8:11  Mutalisk  
  84  8:16  Mutalisk  
  84  8:19  Drone  
  87  8:20  Drone  
  87  8:21  Drone  
  87  8:23  Drone  
  90  8:32  Overlord  
  90  8:35  Roach x2  
  94  8:51  Overlord  
  94  8:53  Roach x5  
  100  9:00  Roach  
  100  9:01  Roach x2  
  106  9:09  Overlord x2  
  106  9:10  Overlord  
  106  9:14  Overlord  
  102  9:19  Roach x2  
  106  9:26  Roach x3  
  112  9:33  Roach  
  112  9:42  Roach x3  
  114  9:49  Queen  
  114  9:51  Roach x3  
  122  9:55  Roach  
  124  10:03  Roach x2  
  124  10:04  Roach  
  124  10:05  Roach  
  132  10:10  Ravager  
  132  10:11  Ravager x6  
  132  10:13  Roach  
  141  10:15  Roach  
  137  10:33  Roach  
  137  10:34  Roach x6  
  136  10:39  Roach x2  
  116  10:50  Roach x3  
Tags
 
Add a new tag
Caveats
  • Supply blocks, unpowered buildings, or Contaminate may cause inaccurate times.
  • Supply counts are checked every 10 seconds.